 Dungeon Crawl Stone Soup version 0.30-a0-743-gbfdf073431 (webtiles) character file.

Game seed: 15787608673321235868

753 ragingrage the Vexing (level 7, 0/41 HPs)
             Began as an Octopode Enchanter on Feb 5, 2023.
             Killed from afar by an orc wizard (8 damage)
             ... with a puff of flame
             ... on level 5 of the Dungeon.
             The game lasted 00:05:21 (3774 turns).

ragingrage the Vexing (Octopode Enchanter)          Turns: 3774, Time: 00:05:22

Health: 0/41       AC:  1    Str:  7    XL:     7   Next: 79%
Magic:  10/10      EV: 13    Int: 25    God:
Gold:   134        SH:  0    Dex: 13    Spells: 2/10 levels left

rFire   . . .      SeeInvis .    a - +1 dagger (drain)
rCold   . . .      Faith    .    (no shield)
rNeg    . . .      Spirit   .    (helmet restricted)
rPois   .          Reflect  .    (no amulet)
rElec   .          Harm     .    p - +6 ring of intelligence
rCorr   .          Rampage  .    (no ring)
Will    .....                    (no ring)
Stlth   ++                       (no ring)
HPRegen 0.26/turn                (no ring)
MPRegen 0.12/turn                (no ring)
                                 (no ring)
                                 (no ring)

@: confused, attractive
A: almost no armour, amphibious, 8 rings, camouflage 1, gelatinous body 1,
(nimble swimmer 1), tentacles
a: no special abilities


You were on level 5 of the Dungeon.
You visited 1 branch of the dungeon, and saw 5 of its levels.

You collected 134 gold pieces.

Inventory:

Hand Weapons
 a - a +1 dagger of draining (weapon)
 b - a +2 dagger of venom
 z - a +0 rapier
Missiles
 v - 4 javelins
 w - a throwing net
Magical Staves
 k - a staff of conjuration
Jewellery
 p - a +6 ring of intelligence (left tentacle)
Wands
 u - a wand of digging (4)
 A - a wand of flame (26)
Scrolls
 c - 3 scrolls of enchant armour {unknown}
 e - 2 scrolls of teleportation {unknown}
 g - a scroll of vulnerability {unknown}
 j - a scroll of fog {unknown}
 l - a scroll of noise {unknown}
 m - a scroll of fear {unknown}
 o - a scroll of amnesia {unknown}
 q - 2 scrolls of identify {unknown}
 r - 2 scrolls of enchant weapon {unknown}
 x - a scroll of poison {unknown}
Potions
 d - 4 potions of attraction
 f - a potion of degeneration {unknown}
 h - 3 potions of flight {unknown}
 i - 2 potions of lignification {unknown}
 n - a potion of heal wounds {unknown}
 s - 5 potions of curing {unknown}
 t - a potion of cancellation {unknown}
 y - 2 potions of invisibility


   Skills:
 + Level 5.1 Short Blades
 - Level 2.0 Dodging
 - Level 6.0 Stealth
 - Level 2.0 Spellcasting
 + Level 6.1 Hexes
 + Level 1.7 Ice Magic


You had 2 spell levels left.
You knew the following spells:

 Your Spells              Type           Power      Damage    Failure   Level
a - Ensorcelled Hibernat  Hex/Ice        44%        N/A       3%          2
b - Confusing Touch       Hex            33%        N/A       2%          3
c - Tukima's Dance        Hex            33%        N/A       2%          3

Your spell library contained the following spells:

 Spells                   Type           Power      Damage    Failure   Level
 Apportation              Tloc           4%         N/A       11%         1
 Necrotise                Necr           8%         1d4       11%         1
 Summon Small Mammal      Summ           8%         N/A       11%         1
 Lesser Beckoning         Tloc           4%         N/A       17%         2
 Dazzling Flash           Conj/Hex       34%        N/A       10%         3
 Anguish                  Hex/Necr       8%         N/A       30%         4
 Gell's Gravitas          Tloc           2%         N/A       32%         3
 Teleport Other           Tloc           2%         N/A       32%         3
 Vampiric Draining        Necr           2%         2d6       32%         3
 Agony                    Necr           2%         N/A       97%         5
 Enfeeble                 Hex            16%        N/A       100%        7


Dungeon Overview and Level Annotations

Branches:
Dungeon (5/15)
 Temple: D:4-7

Altars:
Fedhas
Okawaru
Vehumet
Xom
Zin

Shops:
D:1 (   D:2 ?([:   D:3 =

Annotations:
D:4 2 transporters, PriceMaster's ghost, amateur OpTm


Innate Abilities, Weirdness & Mutations

You cannot wear most types of armour.
You are amphibious.
You can wear up to eight rings at the same time.
Your skin changes colour to match your surroundings (Stealth+).
Your rubbery body absorbs attacks. (AC +1, EV +1)
((You are camouflaged when in or above water. (Stealth+)))
You have tentacles for arms and can constrict up to eight enemies at once.


Message History

You hit something but do no damage. Something hits you.
A magic dart appears from out of thin air!
The magic dart hits something!
Reactivating autopickup.
You feel a bit more experienced.
You swing at nothing.
Deactivating autopickup; reactivate with Ctrl-A.
You hit something. Your squeeze misses something.
Something hits you but does no damage.
You closely miss something. You squeeze something. You miss something.
You hear some strange, mumbled words.
A magic dart appears from out of thin air!
The magic dart hits you!
You barely miss something. You squeeze something.
Something hits you but does no damage.
You miss something.
You hear some strange, mumbled words.
A magic dart appears from out of thin air!
The magic dart hits you.
You closely miss something. You miss something. Something hits you.
You closely miss something.
You hear some strange, mumbled words.
You are confused.
You bump into the rock wall.
You hear some strange, mumbled words.
A magic dart appears from out of thin air!
The magic dart hits you.
* * * LOW HITPOINT WARNING * * *
You bump into the rock wall.
Something hits you.
* * * LOW HITPOINT WARNING * * *
You bump into the rock wall.
Something hits you.
* * * LOW HITPOINT WARNING * * *
It was a potion of attraction.
You feel attractive to monsters.
You hear some strange, mumbled words.
A puff of flame appears from out of thin air!
The puff of flame hits you!
You die...

## ... .... ## .....
.#################......
................@{......
.####...........###.....
......##........# ...
.#######........# . .#
##..(....$# ##
#...........#
.###............#
........##......#
........ .........


There were no monsters in sight!

Vanquished Creatures
  Sigmund (D:3)
  Eustachio (D:4)
  A water moccasin (D:5)
  A scorpion (D:5)
  A jelly (D:3)
  An orc priest (D:4)
  Terence (D:2)
  Jessica (D:2)
  An orc wizard (D:5)
  Robin (D:4)
  3 gnolls
  2 adders (D:4)
  A white imp (D:5)
  2 worms
  A dart slug (D:4)
  9 orcs
  7 ball pythons
  8 endoplasms
  16 goblins
  4 hobgoblins
  2 jackals (D:3)
  10 kobolds
  A quokka (D:1)
  A bat (D:3)
  A frilled lizard (D:1)
  5 rats
83 creatures vanquished.

Vanquished Creatures (collateral kills)
  An orc (D:3)
1 creature vanquished.

Vanquished Creatures (others)
  An orc wizard (D:5)
1 creature vanquished.

Grand Total: 85 creatures vanquished

Notes
Turn   | Place    | Note
-------+----------+-------------------------------------------
     0 | D:1      | ragingrage the Octopode Enchanter began the quest for the
                  | Orb.
     0 | D:1      | Reached XP level 1. HP: 11/11 MP: 3/3
   254 | D:1      | Reached XP level 2. HP: 17/17 MP: 5/5
   274 | D:1      | You fall into a shaft and drop 1 floor!
   310 | D:2      | Found Ceoteeh's Armour Boutique.
   310 | D:2      | Found Rimes's Book Shoppe.
   335 | D:2      | Found Bibbont's Weapon Shop.
   416 | D:2      | Noticed Jessica
   471 | D:1      | Learned a level 2 spell: Ensorcelled Hibernation
   485 | D:1      | Found Geluatt's Weapon Boutique.
   871 | D:1      | Reached XP level 3. HP: 21/21 MP: 3/6
  1092 | D:2      | Killed Jessica
  1143 | D:2      | Noticed Terence
  1144 | D:2      | Found Nephelem's Magic Scroll Boutique.
  1146 | D:2      | Found Veamitoa's Book Boutique.
  1148 | D:2      | Killed Terence
  1149 | D:2      | Reached skill level 5 in Stealth
  1149 | D:2      | Reached XP level 4. HP: 27/27 MP: 7/7
  1283 | D:3      | Found Poidghet's Jewellery Shoppe.
  1424 | D:3      | Reached XP level 5. HP: 30/31 MP: 8/8
  1428 | D:3      | Learned a level 3 spell: Confusing Touch
  1432 | D:3      | Learned a level 3 spell: Tukima's Dance
  1534 | D:3      | Noticed Sigmund
  1541 | D:3      | Killed Sigmund
  1542 | D:3      | Reached XP level 6. HP: 24/36 MP: 6/9
  1606 | D:3      | Found a glowing silver altar of Zin.
  2096 | D:4      | Reached skill level 5 in Hexes
  2347 | D:4      | Found a transporter.
  2351 | D:4      | Noticed PriceMaster's ghost (amateur OpTm)
  2364 | D:4      | Found a transporter.
  2441 | D:4      | Noticed Eustachio
  2966 | D:4      | Found an iron altar of Okawaru.
  3123 | D:4      | Found a hide-covered altar of Uskayaw.
  3125 | D:4      | Found a sparkling altar of Nemelex Xobeh.
  3125 | D:4      | Found a glowing silver altar of Zin.
  3127 | D:4      | Found a radiant altar of Vehumet.
  3127 | D:4      | Found a shimmering altar of Xom.
  3127 | D:4      | Found a blossoming altar of Fedhas.
  3409 | D:4      | Killed Eustachio
  3410 | D:4      | Reached XP level 7. HP: 26/41 MP: 7/10
  3437 | D:4      | Noticed Robin
  3445 | D:4      | Killed Robin
  3585 | D:5      | Entered Level 5 of the Dungeon
  3594 | D:5      | Reached skill level 1 in Ice Magic
  3623 | D:5      | Reached skill level 5 in Short Blades
  3774 | D:5      | Killed from afar by an orc wizard

Illustrated notes

Levels and vault maps discovered:
D:1:      elethiomel_arrival_infinity_welcomes_careful_drivers, layout_rooms,
          serial_shops, nicolae_square_shop
D:2:      layout_basic, serial_shops, shop, nicolae_shop_stone,
          nicolae_shop_trees, shop, nicolae_shop_advertising_works
          [nicolae_subvault_shop_adworks], uniq_terence, uniq_jessica
D:3:      layout_loops_ring, mainiacjoe_overflow_concentric_impassable,
          serial_shops, shop, uniq_sigmund
D:4:      layout_basic, mainiacjoe_overflow_six_doors_small,
          doesnt_xom_only_xom, gammafunk_ghost_stat_death, uniq_eustachio,
          uniq_robin
D:5:      layout_rooms, fedhas_altar_1, minmay_temple_entry_glassed_door,
          solitary_fountain, lemuel_flame_loot_1, uniq_menkaure

Skill      XL: |  1  2  3  4  5  6  7 |
---------------+----------------------+-----
Short Blades   | 2 3 4 5 |  5.1
Stealth        | 5 6 |  6.0
Hexes          | 4 5 6 |  6.1
Ice Magic      | 1 |  1.7
Dodging        | |  2.0
Spellcasting   | |  2.0

Action                     |  1- 3 |  4- 6 |  7- 9 || total
---------------------------+-------+-------+-------++-------
  Melee: Dagger            |    58 |    80 |    45 ||   183
         Constrict         |    11 |    21 |     9 ||    41
         Tentacles         |    10 |    11 |     9 ||    30
         Punch             |     1 |       |       ||     1
   Cast: Ensorcelled Hiber |     5 |    11 |     4 ||    20
         Tukima's Dance    |       |     3 |       ||     3
    Use: Potion            |       |       |     1 ||     1
   Stab: Sleeping          |     5 |    15 |     3 ||    23
 Armour: Skin              |     1 |     6 |     4 ||    11
  Dodge: Dodged            |    40 |    35 |     7 ||    82

Table legend: (Time is in decaauts)
 A = Elapsed time spent in this place.
 B = Non-inter-level travel time spent in this place.
 C = Inter-level travel time spent in this place.
 D = Time resting spent in this place.
 E = Time spent auto-exploring this place.
 F = Levels seen in this place.
 G = Mean time per level.
                   A        B        C        D        E       F      G
               +--------+--------+--------+--------+--------+-----+--------+
         Total |   3740 |   3655 |     85 |    948 |   1856 |   5 |  748.0 |
       Dungeon |   3740 |   3655 |     85 |    948 |   1856 |   5 |  748.0 |
               +--------+--------+--------+--------+--------+-----+--------+

Top non-repeatable levels by time:
     D:4: 1408 daAuts
     D:3: 883 daAuts
     D:1: 761 daAuts
     D:2: 505 daAuts
     D:5: 181 daAuts
